 Dungeon Crawl Stone Soup version 0.31-a0-803-g95b03c3367 (webtiles) character file.

Game seed: 14902508112934579453

11 cforsyth the Magician (level 2, 0/22 HPs)
             Began as a Djinni Enchanter on Sept 20, 2023.
             Slain by a goblin
             ... wielding a +0 dagger
              (4 damage)
             ... on level 1 of the Dungeon.
             The game lasted 00:00:40 (410 turns).

cforsyth the Magician (Djinni Enchanter)             Turns: 410, Time: 00:00:41

Health: 0/22       AC:  2    Str:  7    XL:     2   Next: 35%
Gold:   44         EV: 12    Int: 16    God:
                   SH:  0    Dex: 13

rFire   + + .        a - +1 dagger
rCold   x . .        (no shield)
rNeg    . . .        b - +0 robe
rPois   ∞            (no helmet)
rElec   .            (no cloak)
rCorr   .            (no gloves)
SInv    .            (boots unavailable)
Will    .....        (no amulet)
Stlth   ++           (no ring)
HPRegen 0.23/turn    (no ring)
MPRegen 0.00/turn

%: infuse magic (-1 HP)
@: flying
A: sickness immunity, fire resistance 2, cold vulnerability 1, float, innate
caster, HP casting, extra vitality 1
a: no special abilities


You were on level 1 of the Dungeon.
You visited 1 branch of the dungeon, and saw 1 of its levels.

You collected 44 gold pieces.

Inventory:

Hand Weapons
 a - a +1 dagger (weapon)
Armour
 b - a +0 robe (worn)
Scrolls
 d - a scroll of amnesia {unknown}
Potions
 c - 2 potions of invisibility
 e - a potion of magic {unknown}


   Skills:
 + Level 0.7 Fighting
 - Level 1.0 Short Blades
 - Level 2.2 Dodging
 - Level 2.4 Stealth
 + Level 3.0 Spellcasting
 + Level 3.0 Conjurations
 + Level 3.0 Hexes
 + Level 3.0 Summonings
 + Level 3.0 Necromancy
 + Level 3.0 Translocations
 + Level 3.0 Transmutations
 + Level 3.0 Fire Magic
 + Level 3.0 Ice Magic
 + Level 3.0 Air Magic
 + Level 3.0 Earth Magic
 + Level 3.0 Poison Magic


You knew the following spells:

 Your Spells              Type           Power      Damage    Failure   Level
a - Ensorcelled Hibernat  Hex/Ice        24%        N/A       9%          2
b - Confusing Touch       Hex            12%        N/A       16%         3
c - Tukima's Dance        Hex            12%        N/A       16%         3
d - Dazzling Flash        Conj/Hex       24%        N/A       16%         3
Your spell library was empty.

Dungeon Overview and Level Annotations

Branches:
Dungeon (1/15)

Altars:


Innate Abilities, Weirdness & Mutations

You are immune to sickness and miasma.
You are immune to poison.
Your flesh is very heat resistant. (rF++)
You are vulnerable to cold. (rC-)
You float through the air rather than walking.
You learn spells naturally, not from books.
Your magical power is your life essence.
You have superior vitality. (+4 MHP)


Message History

You hit the quokka.
The quokka is almost dead.
The bat closely misses you.
The quokka bites you but does no damage.
The bat closely misses you.
You closely miss the quokka.
The quokka is almost dead.
The bat hits you. The quokka barely misses you.
You hit the quokka.
You kill the quokka!
The bat closely misses you. The goblin hits you with a +0 dagger.
You barely miss the bat. The bat misses you.
The goblin hits you with a +0 dagger.
You hit the bat.
The bat is heavily wounded.
The bat hits you. The goblin hits you with a +0 dagger.
You hit the goblin.
The goblin is moderately wounded.
The goblin hits you with a +0 dagger. The bat closely misses you.
You are too injured to fight recklessly!
The bat closely misses you. The bat attacks as it pursues you!
The bat hits you but does no damage. The bat misses you.
The goblin hits you with a +0 dagger. The bat barely misses you.
You closely miss the goblin.
The goblin is moderately wounded.
The bat barely misses you. The bat hits you but does no damage.
The goblin hits you with a +0 dagger.
You hit the goblin.
The goblin is heavily wounded.
The bat hits you but does no damage. The goblin hits you with a +0 dagger.
* * * LOW HITPOINT WARNING * * *
You hit the goblin but do no damage.
The goblin is heavily wounded.
The bat closely misses you. The goblin hits you with a +0 dagger.
* * * LOW HITPOINT WARNING * * *
You completely miss the goblin.
The goblin is heavily wounded.
The goblin hits you with a +0 dagger.
You die...

...## P...# # ♣♣...#
##### #P ♣.P..# ### #....
#..♣♣...####♣♣♣P♣♣###...#
#.P.......♣♣......).....
#......## ♣♣..♣♣######.
#.....bg# ♣♣..♣♣ ##
##.####@# ♣...♣ #.####.#
♣.♣♣♣ ### #..P.P.##♣.♣
###.. ##..P......#
###...# #.P♣♣......#
##...### #. ♣♣...#.#
##..### # ......#.#
##..## #P.......###..##
###....#..#..##


You could see a goblin and a bat.

Vanquished Creatures
  3 bats (D:1)
  An endoplasm (D:1)
  2 goblins (D:1)
  A hobgoblin (D:1)
  A quokka (D:1)
  A ball python (D:1)
9 creatures vanquished.

Notes
Turn   | Place    | Note
-------+----------+-------------------------------------------
     0 | D:1      | cforsyth the Djinni Enchanter began the quest for the Orb.
     0 | D:1      | cforsyth set off with the following spells memorised:
                  | Ensorcelled Hibernation, Confusing Touch, Tukima's Dance,
                  | Dazzling Flash.
     0 | D:1      | Reached XP level 1. HP: 15/15 MP: 0/0
   163 | D:1      | Reached skill level 1 in Short Blades
   283 | D:1      | Reached XP level 2. HP: 9/21 MP: 0/0
   410 | D:1      | Slain by a goblin

Illustrated notes

Levels and vault maps discovered:
D:1:      matt_arrival_diagonals, layout_rooms, serial_forest,
          infiniplex_forest_corner_2, infiniplex_forest_clump_small,
          infiniplex_forest_straight_2, infiniplex_forest_clump_tiny,
          infiniplex_forest_end_3, infiniplex_forest_clump_small,
          infiniplex_forest_fountain, infiniplex_forest_clump_small,
          minivault_11, dreamdust_princess_corridor

Skill      XL: |  1  2 |
---------------+-------+-----
Short Blades   | 1 |  1.0
Spellcasting   | 3 |  3.0
Conjurations   | 3 |  3.0
Hexes          | 3 |  3.0
Summonings     | 3 |  3.0
Necromancy     | 3 |  3.0
Translocations | 3 |  3.0
Transmutations | 3 |  3.0
Fire Magic     | 3 |  3.0
Ice Magic      | 3 |  3.0
Air Magic      | 3 |  3.0
Earth Magic    | 3 |  3.0
Poison Magic   | 3 |  3.0
Fighting       | |  0.7
Dodging        | |  2.2
Stealth        | |  2.4

Action                     || total
---------------------------++-------
  Melee: Dagger            ||    48
   Stab: Sleeping          ||     1
 Armour: Robe              ||    39
  Dodge: Dodged            ||    44

Table legend: (Time is in decaauts)
 A = Elapsed time spent in this place.
 B = Non-inter-level travel time spent in this place.
 C = Inter-level travel time spent in this place.
 D = Time resting spent in this place.
 E = Time spent auto-exploring this place.
 F = Levels seen in this place.
 G = Mean time per level.
                   A        B        C        D        E       F      G
               +--------+--------+--------+--------+--------+-----+--------+
         Total |    407 |    407 |      0 |      0 |    308 |   1 |  407.0 |
       Dungeon |    407 |    407 |      0 |      0 |    308 |   1 |  407.0 |
               +--------+--------+--------+--------+--------+-----+--------+

Top non-repeatable levels by time:
     D:1: 407 daAuts
